 Dungeon Crawl Stone Soup version 0.28.0-45-g0d030f2227 (webtiles) character file.

Game seed: 6762171187501929841

813 Kziril the Skirmisher (level 7, -1/45 HPs)
             Began as a Gargoyle Fighter on Apr 22, 2022.
             Slain by a mummy (8 damage)
             ... in an ossuary.
             The game lasted 00:09:51 (5531 turns).

Kziril the Skirmisher (Gargoyle Fighter)            Turns: 5531, Time: 00:09:52

Health: -1/45      AC: 17    Str: 20    XL:     7   Next: 93%
Magic:  7/7        EV:  7    Int: 14    God:
Gold:   187        SH:  5    Dex: 11    Spells: 6/6 levels left

rFire   . . .      SeeInvis .   a - +0 flail
rCold   . . .      Faith    .   c - +0 buckler
rNeg    + . .      Spirit   .   j - +0 chain mail
rPois   ∞          Reflect  .   s - +1 helmet
rElec   +          Harm     .   (no cloak)
rCorr   .          Rampage  .   (no gloves)
Will    .....                   (no boots)
Stlth   ..........              (no amulet)
HPRegen 0.15/turn               l - +6 ring of intelligence
MPRegen 0.10/turn               k - ring of wizardry

@: studying Throwing
A: sickness immunity, AC +4, negative energy resistance 1, electricity
resistance, torment resistance 1, petrification resistance
a: no special abilities


You were in an ossuary.
You visited 1 branch of the dungeon, and saw 5 of its levels.
You also visited: Ossuary.

You collected 187 gold pieces.

Inventory:

Hand Weapons
 a - a +0 flail (weapon)
Armour
 c - a +0 buckler (worn)
 j - a +0 chain mail (worn)
 s - a +1 helmet (worn)
Jewellery
 k - a ring of wizardry (right hand)
 l - a +6 ring of intelligence (left hand)
Wands
 o - a wand of iceblast (5)
 q - a wand of paralysis (3)
Scrolls
 g - 3 scrolls of identify {unknown}
 m - a scroll of enchant weapon {unknown}
 n - 4 scrolls of teleportation {unknown}
 p - a scroll of fog {unknown}
 r - a scroll of blinking {unknown}
 u - a scroll of noise
 v - 2 scrolls of vulnerability {unknown}
Potions
 b - a potion of attraction {unknown}
 d - 2 potions of might
 e - 5 potions of curing {unknown}
 f - a potion of haste {unknown}
 h - a potion of ambrosia {unknown}
 i - a potion of mutation {unknown}
 t - a potion of invisibility {unknown}
 w - 2 potions of lignification {unknown}


   Skills:
 + Level 5.8 Fighting
 + Level 4.6 Maces & Flails
 + Level 5.7 Armour
 + Level 5.7 Shields


You had 6 spell levels left.
You didn't know any spells.
Your spell library contained the following spells:

 Spells                   Type           Power      Damage    Failure   Level
 Static Discharge         Conj/Air       0%         N/A       87%         2
 Lightning Bolt           Conj/Air       0%         1d11      100%        5
 Maxwell's Capacitive Co  Air            0%         ∞         100%        8


Dungeon Overview and Level Annotations

Branches:
Dungeon (5/15)            Ossuary (1/1)
 Temple: D:4-7

Altars:
Gozag


Innate Abilities, Weirdness & Mutations

You are immune to sickness and miasma.
Your stone body is resilient. (AC +4)
You are immune to poison.
You resist negative energy. (rN+)
You are resistant to electric shocks. (rElec)
You are resistant to unholy torment.
You are immune to petrification.


Message History

You hit the mummy.
The mummy is lightly damaged.
The mummy hits you!
You hit the mummy but do no damage.
The mummy is lightly damaged.
You hit the mummy but do no damage.
The mummy is lightly damaged.
The mummy hits you!
* * * LOW HITPOINT WARNING * * *
You hit the mummy.
The mummy is lightly damaged.
The mummy barely misses you.
You barely miss the mummy.
The mummy is lightly damaged.
The mummy barely misses you.
You thump the mummy!
The mummy is severely damaged.
The sentinel's mark upon you fades away.
You hit the mummy.
You destroy the mummy!
You hit the mummy.
The mummy is lightly damaged.
The mummy hits you but does no damage.
You hit the mummy.
The mummy is moderately damaged.
The mummy completely misses you.
You hit the mummy.
The mummy is heavily damaged.
You sock the mummy!
The mummy is almost destroyed.
The mummy hits you.
* * * LOW HITPOINT WARNING * * *
You sock the mummy!
You destroy the mummy!
You hit the mummy.
The mummy is moderately damaged.
You hit the mummy.
The mummy is heavily damaged.
The mummy hits you!
You die...

##.....## ##.+
##.......###..#
#...^.....#...+
+....⌠....M...#
#.........#...+
##.......###..#
##.....## ##.+
###M### #M# #@#
#.# ##.## !!.
#.∩.# .?? #.∩.#
#####


You could see a mummy.

Vanquished Creatures
  A black bear (D:4)
  3 centaurs (D:5)
  An ogre (D:4)
  A bullfrog skeleton (D:4)
  2 orc priests (D:3)
  An iguana (D:5)
  4 mummies (Ossuary)
  10 gnolls
  3 adders
  An ufetubus (D:5)
  An adder skeleton (D:5)
  3 worms
  6 dart slugs
  4 orcs
  6 bats
  7 endoplasms
  2 giant cockroaches (D:1)
  10 hobgoblins
  3 jackals (D:1)
  10 kobolds
  2 quokkas (D:2)
  9 ball pythons
  2 frilled lizards
  4 goblins
  6 rats
102 creatures vanquished.

Notes
Turn   | Place    | Note
-------+----------+-------------------------------------------
     0 | D:1      | Kziril the Gargoyle Fighter began the quest for the Orb.
     0 | D:1      | Reached XP level 1. HP: 14/14 MP: 1/1
   280 | D:1      | Reached XP level 2. HP: 19/19 MP: 2/2
   770 | D:1      | Reached XP level 3. HP: 18/23 MP: 3/3
  1770 | D:2      | Reached XP level 4. HP: 29/29 MP: 4/4
  2803 | D:3      | Reached XP level 5. HP: 33/33 MP: 5/5
  3516 | D:4      | Noticed a black bear
  3527 | D:4      | Killed a black bear
  3528 | D:4      | Reached XP level 6. HP: 29/39 MP: 6/6
  4292 | D:4      | Reached skill level 5 in Fighting
  4292 | D:4      | Reached skill level 5 in Armour
  4292 | D:4      | Reached skill level 5 in Shields
  4292 | D:4      | Reached XP level 7. HP: 5/44 MP: 7/7
  4805 | D:5      | Entered Level 5 of the Dungeon
  4813 | D:5      | Found an opulent altar of Gozag.
  5466 | D:5      | Found a sand-covered staircase.
  5477 | Ossuary  | Entered an ossuary
  5531 | Ossuary  | Slain by a mummy

Illustrated notes

Levels and vault maps discovered:
D:1:      lemuel_arrival_funnel, layout_basic
D:2:      layout_basic
D:3:      layout_basic
D:4:      layout_cave_pools, minmay_temple_entry_fiery, serial_shops,
          kennysheep_mini, hex_tiny
D:5:      layout_cave_pools, grunt_gozag_statues,
          nicolae_ossuary_entry_monument, minmay_manual_mares, uniq_edmund
Ossuary:  ossuary_crypta

Skill      XL: |  1  2  3  4  5  6  7 |
---------------+----------------------+-----
Fighting       | 4 5 |  5.8
Shields        | 4 5 |  5.7
Armour         | 4 5 |  5.7
Maces & Flails | 3 4 |  4.6

Action                   |  1- 3 |  4- 6 |  7- 9 || total
-------------------------+-------+-------+-------++-------
Melee: Flail             |   109 |   191 |   101 ||   401
Armor: Scale mail        |    33 |       |       ||    33
       Chain mail        |    38 |   118 |   148 ||   304
Dodge: Dodged            |    35 |    90 |    64 ||   189
Block: Buckler           |    24 |    42 |    40 ||   106
